 Dungeon Crawl Stone Soup version 0.29-a0-834-g1e95ca9f62 (webtiles) character file.

Game seed: 9961443224903836062

305 gobodom the Firebug (level 6, 0/42 HPs)
             Began as a Demonspawn Fire Elementalist on July 12, 2022.
             Slain by a water moccasin (7 damage)
             ... on level 6 of the Dungeon.
             The game lasted 00:10:23 (3824 turns).

gobodom the Firebug (Demonspawn Fire Elementalist)  Turns: 3824, Time: 00:10:23

Health: 0/42       AC:  7    Str:  8    XL:     6   Next: 15%
Magic:  11/11      EV: 12    Int: 18    God:
Gold:   198        SH:  0    Dex: 14    Spells: 10/11 levels left

rFire   . . .      SeeInvis +   o - +6 war axe of Joyful Slaughter {venom, Drain +Blink rElec rC+}
rCold   + . .      Faith    .   (no shield)
rNeg    . . .      Spirit   .   a - +0 robe
rPois   .          Reflect  .   (helmet restricted)
rElec   +          Harm     .   r - +1 cloak
rCorr   .          Rampage  .   v - +0 pair of gloves
Will    .....                   w - +1 pair of boots
Stlth   ++........              (no amulet)
HPRegen 0.14/turn               e - ring of see invisible
MPRegen 0.12/turn               (no ring)

@: lethally poisoned (0 -> -8)
A: antennae 2, ignite blood 1
a: Evoke Blink


You were on level 6 of the Dungeon.
You visited 1 branch of the dungeon, and saw 4 of its levels.

You collected 198 gold pieces.

Inventory:

Hand Weapons
 c - a +0 whip
 f - a +1 dagger of venom
 o - the +6 war axe of Joyful Slaughter (weapon) {venom, Drain +Blink rElec rC+}
   (You found it on level 2 of the Dungeon)

   It poisons the flesh of those it strikes.
   rC:        It protects you from cold.
   rElec:     It insulates you from electricity.
   +Blink:    It lets you blink.
   Drain:     It drains your maximum health when unequipped.
 q - a +3 quarterstaff of chaos
Missiles
 j - a throwing net
Armour
 a - a +0 robe (worn)
 r - a +1 cloak (worn)
 v - a +0 pair of gloves (worn)
 w - a +1 pair of boots (worn)
Magical Staves
 p - a staff of cold
Jewellery
 e - a ring of see invisible (left hand)
Wands
 n - a wand of flame (14)
 t - a wand of polymorph (7)
Scrolls
 h - 2 scrolls of immolation
 m - 2 scrolls of teleportation
Potions
 d - a potion of heal wounds {unknown}
 g - 2 potions of mutation {unknown}
 i - a potion of curing {unknown}
 l - a potion of degeneration {unknown}
 s - a potion of brilliance {unknown}
 u - a potion of ambrosia {unknown}


   Skills:
 + Level 0.5 Fighting
 + Level 1.0 Short Blades
 + Level 0.4 Axes
 + Level 2.1 Dodging
 + Level 2.5 Stealth
 + Level 3.3 Spellcasting
 + Level 2.6 Conjurations
 + Level 4.2 Fire Magic


You had 10 spell levels left.
You knew the following spells:

 Your Spells              Type           Power      Damage    Failure   Level
a - Foxfire               Conj/Fire      60%        2x1d7     3%          1

Your spell library contained the following spells:

 Spells                   Type           Power      Damage    Failure   Level
 Scorch                   Fire           36%        2d7       4%          2
 Magic Dart               Conj           48%        1d5       5%          1
 Conjure Flame            Conj/Fire      15%        6-21      12%         3
 Inner Flame              Hex/Fire       10%        N/A       21%         3
 Flame Wave               Conj/Fire      15%        2d6       36%         4
 Gell's Gravitas          Tloc           3%         N/A       43%         3
 Teleport Other           Tloc           3%         N/A       43%         3
 Dispersal                Tloc           1%         N/A       100%        6


Dungeon Overview and Level Annotations

Branches:
Dungeon (6/15)
 Temple: D:4-7

Altars:
Fedhas
Trog


Innate Abilities, Weirdness & Mutations

You have a pair of antennae on your head.
Your demonic aura sometimes causes spilled blood to erupt in flames.


Message History

The water moccasin is heavily wounded.
The hound closely misses you. The water moccasin misses you.
The hound barely misses you.
You conjure some foxfire!
The foxfire hits the water moccasin.
The water moccasin is severely wounded.
The foxfire hits the hound.
The hound is moderately wounded.
The water moccasin barely misses you. The hound misses you.
You conjure some foxfire!
The foxfire hits the water moccasin.
The water moccasin is severely wounded.
The water moccasin misses you. The hound barely misses you.
The water moccasin barely misses you. The hound misses you.
You conjure some foxfire!
The foxfire hits the water moccasin but does no damage.
The water moccasin is severely wounded.
The foxfire hits the hound.
The hound is heavily wounded.
The water moccasin bites you! The hound misses you.
Your magical contamination has completely faded away.
You conjure some foxfire!
The foxfire hits the water moccasin.
The water moccasin is severely wounded.
The hound closely misses you. The water moccasin bites you.
You are poisoned.
The water moccasin poisons you! The water moccasin closely misses you.
The hound bites you but does no damage.
You closely miss the hound.
The hound is heavily wounded.
You hit the water moccasin.
You feel very sick.
The foxfire hits the hound.
The hound is severely wounded.
The foxfire hits the water moccasin.
The water moccasin is almost dead.
The hound closely misses you. The water moccasin bites you!
* * * LOW HITPOINT WARNING * * *
The hound closely misses you. The water moccasin misses you.
Magic courses through your body.
* * * LOW HITPOINT WARNING * * *
You feel sick. The hound closely misses you. The water moccasin bites you!
You die...

# ###<#########
#...h@......#
#.....S.....#
#)..........#
..............#
..............#
...##+######....
... #..... ##
#.....


You could see a water moccasin and a hound.

Vanquished Creatures
  Sigmund (D:2)
  Crazy Yiuf (D:2)
  Jessica (D:2)
  Robin (D:3)
  A worm (D:2)
  A dart slug (D:1)
  4 orcs (D:3)
  3 endoplasms
  2 giant cockroaches
  18 goblins
  7 hobgoblins
  3 jackals (D:2)
  4 kobolds (D:1)
  6 quokkas
  5 ball pythons
  6 bats
  2 frilled lizards
  3 rats
69 creatures vanquished.

Vanquished Creatures (collateral kills)
  2 foxfires (D:1)
2 creatures vanquished.

Vanquished Creatures (others)
  195 foxfires
  A plant (D:1)
196 creatures vanquished.

Grand Total: 267 creatures vanquished

Notes
Turn   | Place    | Note
-------+----------+-------------------------------------------
     0 | D:1      | gobodom the Demonspawn Fire Elementalist began the quest
                  | for the Orb.
     0 | D:1      | Reached XP level 1. HP: 13/13 MP: 3/3
   325 | D:1      | Gained mutation: Your demonic aura sometimes causes spilled
                  | blood to erupt in flames. [demonic ancestry]
   325 | D:1      | Reached XP level 2. HP: 19/19 MP: 1/5
   434 | D:1      | Reached skill level 3 in Fire Magic
   640 | D:1      | Found a faded altar of an unknown god.
   648 | D:1      | Got Plato's Guidebook on Conflict
  1523 | D:2      | Gained mutation: You have a pair of small antennae on your
                  | head. [demonic ancestry]
  1523 | D:2      | Reached XP level 3. HP: 2/24 MP: 4/6
  2015 | D:2      | Found a blossoming altar of Fedhas.
  2130 | D:2      | Noticed Jessica
  2138 | D:2      | Killed Jessica
  2139 | D:2      | Reached XP level 4. HP: 17/30 MP: 0/7
  2579 | D:2      | Noticed Sigmund
  2596 | D:2      | Killed Sigmund
  2597 | D:2      | Reached skill level 1 in Short Blades
  2597 | D:2      | Reached skill level 4 in Fire Magic
  2597 | D:2      | Gained mutation: You have a pair of antennae on your head.
                  | [demonic ancestry]
  2597 | D:2      | Reached XP level 5. HP: 4/36 MP: 0/9
  2965 | D:2      | Identified the +6 war axe of Joyful Slaughter {venom, Drain
                  | +Blink rElec rC+}
  2998 | D:2      | Found a runed translucent door.
  2999 | D:2      | Noticed Crazy Yiuf
  3180 | D:2      | Killed Crazy Yiuf
  3181 | D:2      | Reached XP level 6. HP: 42/42 MP: 8/10
  3304 | D:3      | Noticed Robin
  3437 | D:3      | Killed Robin
  3567 | D:3      | Found a bloodstained altar of Trog.
  3808 | D:3      | You fall into a shaft and drop 3 floors!
  3810 | D:6      | Noticed a water moccasin
  3824 | D:6      | Slain by a water moccasin

Illustrated notes

Levels and vault maps discovered:
D:1:      scummos_arrival_forest, layout_basic, serial_rivers,
          chequers_serial_rivers_micro_d, chequers_serial_rivers_small_a,
          chequers_serial_rivers_room_b, chequers_serial_rivers_micro_b,
          chequers_serial_rivers_room_b, shapermc_ecumenical_altar_rom_forum,
          hangedman_abyss_or_decor_lesser_grid, minivault_25,
          chequers_serial_rivers_room_a, hex_intersection,
          chequers_serial_rivers_large_a, minmay_misc_feat_ornament,
          minmay_misc_feat_chi
D:2:      layout_loops_ring, basic_altar, uniq_crazy_yiuf_cottage, uniq_sigmund,
          uniq_jessica
D:3:      layout_basic, amcnicky_altar_gilded, uniq_robin
D:6:      layout_basic, minmay_temple_entry_poolview,
          cheibrodos_sewer_entry_sluice, minmay_small_thing

Skill      XL: |  1  2  3  4 |
---------------+-------------+-----
Dodging        | 2 |  2.1
Fire Magic     | 3 4 |  4.2
Stealth        | 2 |  2.5
Short Blades   | 1 |  1.0
Spellcasting   | 3 |  3.3
Conjurations   | 2 |  2.6
Fighting       | |  0.5
Axes           | |  0.4

Action                   |  1- 3 |  4- 6 || total
-------------------------+-------+-------++-------
Melee: Whip              |     7 |       ||     7
       Unarmed           |     1 |       ||     1
       Dagger            |    24 |    13 ||    37
       War axe           |       |    11 ||    11
 Cast: Foxfire           |    69 |    76 ||   145
  Use: Scroll            |     2 |     4 ||     6
       Potion            |       |     1 ||     1
 Stab: Sleeping          |       |     2 ||     2
Armor: Robe              |     5 |     5 ||    10
Dodge: Dodged            |    28 |    30 ||    58

Table legend: (Time is in decaauts)
 A = Elapsed time spent in this place.
 B = Non-inter-level travel time spent in this place.
 C = Inter-level travel time spent in this place.
 D = Time resting spent in this place.
 E = Time spent auto-exploring this place.
 F = Levels seen in this place.
 G = Mean time per level.
                   A        B        C        D        E       F      G
               +--------+--------+--------+--------+--------+-----+--------+
         Total |   3843 |   3777 |     66 |     91 |   3097 |   4 |  960.8 |
       Dungeon |   3843 |   3777 |     66 |     91 |   3097 |   4 |  960.8 |
               +--------+--------+--------+--------+--------+-----+--------+

Top non-repeatable levels by time:
     D:2: 1802 daAuts
     D:1: 1443 daAuts
     D:3: 582 daAuts
     D:6: 16 daAuts
